[Event "Team 45 45 League T86"]
[Site "Internet Chess Club"]
[Date "2020.10.23"]
[Round "4"]
[White "fledermaus"]
[Black "Ajolote"]
[Result "1/2-1/2"]
[WhiteElo "1914"]
[BlackElo "2010"]
[Opening "QGD: Cambridge Springs defense, Bogolyubov variation"]
[ECO "D52"]
[Time "14:12:04"]
[TimeControl "2700+45"]

1. Nf3 d5 2. d4 Nf6 3. c4 c6 4. Nc3 e6 5. Bg5 Nbd7 6. e3 Qa5 7. Nd2 Bb4 8. Qc2
dxc4 9. Bxf6 Nxf6 10. Nxc4 Qc7 11. g3 c5 12. Bg2 Bd7 13. Ne5 cxd4 14. Nxd7 Qxd7
15. exd4 O-O 16. O-O Ba5 17. d5 exd5 18. Rad1 Rac8 19. Qb3 Bxc3 20. bxc3 Rfd8
21. Rd3 Qc6 22. Rfd1 g6 23. Bxd5 Nxd5 24. Rxd5 Rxd5 25. Rxd5 Qxc3 26. Qxb7 Qe1+
27. Kg2 Qe4+ 28. Kh3 Qe6+ 29. Kg2 Qe4+ 30. Kh3 Qe6+ 31. Kg2 Qe4+ {Game drawn by
repetition} 1/2-1/2

[Event "Team 45 45 League T86"]
[Site "Internet Chess Club"]
[Date "2020.10.23"]
[Round "4"]
[White "hipopotamos"]
[Black "JeffH"]
[Result "0-1"]
[WhiteElo "1731"]
[BlackElo "1800"]
[Opening "King's pawn opening"]
[ECO "B07"]
[Time "19:01:05"]
[TimeControl "2700+45"]

1. e4 d6 2. Nf3 Nf6 3. Nc3 g6 4. Bc4 Bg7 5. d4 Nc6 6. Be3 O-O 7. h3 Nxe4 8. Nxe4
d5 9. Bd3 dxe4 10. Bxe4 Nb4 11. c3 Nd5 12. O-O Nxe3 13. fxe3 Rb8 14. Qc2 b6 15.
Rae1 c5 16. b3 Qc7 17. Bd3 Bb7 18. dxc5 Qxc5 19. c4 Rbc8 20. Kh1 e6 21. Be4 Ba6
22. Rf2 b5 23. Bd3 bxc4 24. Bf1 Qb4 25. bxc4 Bxc4 26. Rb1 Qc5 27. Bxc4 Qxc4 28.
Qxc4 Rxc4 29. Rb7 a5 30. Ng5 Rc1+ 31. Kh2 Be5+ 32. g3 Rc7 33. Rb5 Bc3 34. Rc2
Rfc8 35. Ne4 Kg7 36. Nd6 Rd8 37. Ne4 Be5 38. Rcc5 Rxc5 39. Rxc5 Rd5 40. a4 Rxc5
41. Nxc5 Bd6 42. Kg2 Bxc5 43. Kf3 Kf6 44. g4 Kg5 45. e4 Kh4 46. Kg2 Bd6 47. g5
Kxg5 48. Kf3 Kh4 49. Kg2 Be5 50. Kf3 Kxh3 51. Ke3 g5 52. Kf3 g4+ 53. Kf2 Kh2 54.
Kf1 g3 55. Ke2 g2 56. Kf3 g1=Q 57. Ke2 Qg3 58. Kd2 h5 59. Ke2 h4 60. Kd2 Kg1 61.
Ke2 h3 62. Kd2 Bf4+ 63. Ke2 Qe3+ 64. Kd1 Qd2# {White checkmated} 0-1

[Event "Team 45 45 League T86"]
[Site "Internet Chess Club"]
[Date "2020.10.26"]
[Round "4"]
[White "fireball"]
[Black "Grenadier"]
[Result "1/2-1/2"]
[WhiteElo "1502"]
[BlackElo "1573"]
[Opening "Caro-Kann: advance variation"]
[ECO "B12"]
[Time "11:07:27"]
[TimeControl "2700+45"]

1. e4 c6 2. d4 d5 3. e5 Bf5 4. Ne2 e6 5. Ng3 Bg6 6. h4 h5 7. Be2 c5 8. c3 Nc6 9.
Bxh5 Bxh5 10. Nxh5 cxd4 11. cxd4 Nxd4 12. Nxg7+ Bxg7 13. Qxd4 a6 14. Nc3 Rc8 15.
Qa4+ Rc6 16. Bg5 Qc7 17. f4 b5 18. Qb3 Ne7 19. Bxe7 Qxe7 20. g3 Qc5 21. Ne2 Bf8
22. Kd2 Qb4+ 23. Qxb4 Bxb4+ 24. Kd3 Kd7 25. Rac1 Rc4 26. Rxc4 bxc4+ 27. Kc2 Bc5
28. h5 d4 29. Kd1 d3 30. Nc3 Rb8 31. Ne4 Be7 32. Kc1 Kc6 33. h6 Kd5 34. Nd2 Rh8
35. h7 f6 36. exf6 Bxf6 37. Rh5+ Kd4 38. Nf3+ Ke3 39. Ne5 Bxe5 40. Rxe5+ Kf3 41.
Rg5 Rxh7 42. Re5 Rh1+ 43. Kd2 Rh2+ 44. Kc1 Kxg3 45. Rxe6 a5 46. f5 Rf2 47. f6 a4
48. Re3+ Kf4 49. Re7 Kg5 50. f7 Kg6 51. Ra7 Kg7 52. Rxa4 Rc2+ 53. Kb1 Kxf7 54.
Ra5 Rf2 55. Kc1 Ke6 56. Rc5 Rc2+ 57. Kb1 Kd6 58. Rc8 Re2 59. Kc1 Rc2+ 60. Kb1
Kd5 61. a4 Rg2 62. Kc1 Kd4 63. a5 Rg1+ 64. Kd2 Ra1 65. Ra8 Ra2 66. Rd8+ Kc5 67.
Rc8+ Kb5 68. Kc3 Rxa5 69. Rxc4 Ra6 70. Rd4 Rc6+ 71. Kxd3 Rc1 72. Kd2 Rc8 73. Rd3
Kb4 74. Rc3 Rg8 75. Kc2 Rg2+ 76. Kb1 Rg6 77. Rc8 Rb6 78. Kc2 Kb5 79. b3 Kb4 80.
Rc4+ Kb5 81. Kc3 Rg6 82. Rd4 Rg3+ 83. Rd3 Rg5 84. b4 Rg4 85. Rd5+ Kb6 86. Kb3
Kc6 87. Rh5 Kb6 88. Ka4 Rg6 89. Rb5+ Ka7 90. Ra5+ Kb6 91. Ra8 Kb7 92. Ra5 Kb6
93. Rb5+ Ka6 94. Rf5 Kb6 95. Rf4 Re6 96. b5 Rg6 97. Rc4 Re6 98. Kb4 Rg6 99. Rh4
Re6 100. Rh5 Rg6 101. Rc5 Rg4+ 102. Rc4 Rg6 103. Rc8 Rg4+ 104. Rc4 Rg6 105. Rf4
Re6 106. Rf5 Re4+ 107. Kc3 Re6 108. Kd4 Re1 109. Kc4 Rc1+ 110. Kb3 Rb1+ 111. Ka4
Ra1+ 112. Kb3 Rb1+ 113. Kc4 Rc1+ 114. Kb3 Rb1+ 115. Ka4 Ra1+ 116. Kb4 Rb1+ {Game
drawn by mutual agreement} 1/2-1/2

[Event "Team 45 45 League T86"]
[Site "Internet Chess Club"]
[Date "2020.10.25"]
[Round "4"]
[White "ChessJayden"]
[Black "primerpaso"]
[Result "0-1"]
[WhiteElo "1749"]
[BlackElo "1803"]
[Opening "Sicilian: Najdorf, Opocensky variation"]
[ECO "B92"]
[Time "13:00:33"]
[TimeControl "2700+45"]

1. e4 c5 2. Nf3 d6 3. d4 cxd4 4. Nxd4 Nf6 5. Nc3 a6 6. Be2 e5 7. Nb3 Be6 8. Be3
Nbd7 9. O-O Be7 10. Kh1 b5 11. a3 Nb6 12. f4 Qc7 13. f5 Bc4 14. Bxb6 Qxb6 15. a4
Bxe2 16. Qxe2 b4 17. a5 Qc6 18. Nd5 Nxd5 19. exd5 Qxd5 20. Rad1 Qc6 21. f6 gxf6
22. Rde1 Rc8 23. Qg4 Qc4 24. Qg7 Kd7 25. Nd2 Rcg8 26. Qh6 Rg6 27. Qe3 Qc5 28.
Qf3 Rhg8 29. Qf5+ Kd8 30. Nb3 Qc6 31. Re2 Rxg2 32. Rxg2 Qxg2# {White checkmated}
0-1

[Event "Team 45 45 League T86"]
[Site "Internet Chess Club"]
[Date "2020.10.24"]
[Round "4"]
[White "ElValero"]
[Black "handsomematch"]
[Result "0-1"]
[WhiteElo "1639"]
[BlackElo "1311"]
[Opening "Grünfeld: Russian variation"]
[ECO "D81"]
[Time "12:01:12"]
[TimeControl "2700+45"]

1. d4 Nf6 2. c4 g6 3. Nc3 d5 4. Qb3 dxc4 5. Qxc4 Be6 6. Qb5+ Bd7 7. Qxb7 Bc6 8.
Qb3 Qxd4 9. Nf3 Qb6 10. Qc2 Nbd7 11. e4 Bg7 12. Bc4 Qc5 13. Nb5 Bxb5 14. b3 Bxc4
15. bxc4 Nb6 16. e5 Nfd7 17. Be3 Qxc4 18. Qb2 Qd5 19. Rd1 Qa5+ 20. Bd2 Qa6 21.
Bf4 Qb7 22. O-O Rd8 23. a4 Qe4 24. Bg3 O-O 25. a5 Nc4 26. Qb5 Ncxe5 27. Nxe5
Nxe5 28. Rde1 Rd5 29. Qb7 Qd4 30. Qxc7 Qc5 31. Qb7 e6 32. a6 Rd7 33. Rxe5 Rxb7
34. Rxc5 Rb6 35. Rc7 Rxa6 36. h4 Rd8 37. Rb1 Rb6 38. Rbc1 Bb2 39. Rb1 Be5 40.
Rxb6 Bxc7 41. Bxc7 Rd1+ 42. Kh2 axb6 43. Bxb6 Kg7 44. g4 f5 45. gxf5 exf5 46.
Kg3 Kf6 47. Bc5 h6 48. Bb6 Rd3+ 49. f3 g5 50. hxg5+ hxg5 51. Bc5 g4 {White
resigns} 0-1

[Event "Team 45 45 League T86"]
[Site "Internet Chess Club"]
[Date "2020.10.24"]
[Round "4"]
[White "aec7r3b"]
[Black "andrew37"]
[Result "0-1"]
[WhiteElo "1343"]
[BlackElo "1714"]
[Opening "Sicilian: Najdorf"]
[ECO "B90"]
[Time "17:01:11"]
[TimeControl "2700+45"]

1. e4 c5 2. Nf3 d6 3. d4 Nf6 4. Nc3 cxd4 5. Nxd4 a6 6. f3 e5 7. Nb3 Be6 8. Be3
d5 9. exd5 Nxd5 10. Bf2 Bb4 11. Qd2 O-O 12. O-O-O Nc6 13. a3 Bxc3 14. bxc3 Rc8
15. Bc4 Nf4 16. Bxe6 Nxe6 17. Qe3 Qe7 18. Bg3 Qxa3+ 19. Kb1 Na5 20. Nxa5 Qxa5
21. Bxe5 Rc4 22. Kb2 Qb5+ 23. Kc1 Qa5 24. f4 Qa3+ 25. Kd2 Qa5 26. f5 Nc5 27. f6
Rd8+ 28. Ke2 Re4 29. Qxe4 Nxe4 30. fxg7 Re8 31. Bd4 Nxc3+ 32. Kd3 Nxd1 33. Rxd1
Qf5+ 34. Kc3 Rc8+ 35. Kd2 Qxc2+ 36. Ke1 Re8+ 37. Kf1 Qxd1+ 38. Kf2 Qxd4+ 39. Kf3
Re3+ 40. Kf2 Qd2+ 41. Kf1 Re1# {White checkmated} 0-1

[Event "Team 45 45 League T86"]
[Site "Internet Chess Club"]
[Date "2020.10.24"]
[Round "4"]
[White "VictorRed"]
[Black "eevee11"]
[Result "1-0"]
[WhiteElo "1601"]
[BlackElo "989"]
[Opening "Giuoco Pianissimo"]
[ECO "C50"]
[Time "21:08:36"]
[TimeControl "2700+45"]

1. e4 e5 2. Nf3 Nc6 3. Bc4 Bc5 4. d3 Nf6 5. Bg5 O-O 6. Nc3 d6 7. Nd5 Nb4 8.
Nxf6+ gxf6 9. Bh6 Re8 10. c3 Nc6 11. Nd2 Ne7 12. h4 Qd7 13. Rh3 d5 14. Rg3+ Ng6
15. Bxd5 c6 16. Bb3 Qc7 17. h5 Qb6 18. Qf3 Be7 19. hxg6 hxg6 20. Rxg6+ Kh7 21.
Bxf7 Rd8 22. Be3 Qxb2 23. Qh5# {Black checkmated} 1-0

[Event "Team 45 45 League T86"]
[Site "Internet Chess Club"]
[Date "2020.10.24"]
[Round "4"]
[White "Sloggi"]
[Black "Ohanessian"]
[Result "1/2-1/2"]
[WhiteElo "1984"]
[BlackElo "2017"]
[Opening "Dutch defense"]
[ECO "A81"]
[Time "01:48:25"]
[TimeControl "2700+45"]

1. d4 f5 2. g3 Nf6 3. Bg2 g6 4. Nf3 Bg7 5. O-O O-O 6. b3 d6 7. Bb2 c6 8. c4 Qc7
9. Nbd2 Nbd7 10. Ng5 Nb6 11. Ngf3 h6 12. Re1 g5 13. e4 fxe4 14. Nxe4 Nxe4 15.
Rxe4 Bf5 16. Re1 Rf7 17. Qd2 Bg4 18. Qd3 Raf8 19. Re3 Qd7 20. Rf1 Bh3 21. Ne1
Bxg2 22. Nxg2 d5 23. c5 Nc8 24. f4 Qg4 25. Qe2 Qf5 26. g4 Qd7 27. f5 Bf6 28. Ne1
Rh7 29. Nd3 Kg7 30. Re6 h5 31. Ne5 Qc7 32. Ng6 hxg4 33. Re5 Rfh8 34. Nxh8 Rxh8
35. Qxg4 Qa5 36. Rf2 Qxa2 37. Qd1 Rh3 38. Bc1 Qa1 39. Kg2 Rh4 40. Rd2 Bxe5 41.
dxe5 Kh6 42. Rb2 Qa5 43. f6 exf6 44. exf6 Qc7 45. Kh1 Qe5 46. Rg2 Rh5 47. Qf1
Ne7 48. f7 Ng6 49. f8=Q+ Nxf8 50. Qxf8+ Kg6 51. Qg8+ Kh6 52. Qf8+ Kg6 53. Qg8+
Kh6 {Game drawn by mutual agreement} 1/2-1/2

[Event "Team 45 45 League T86"]
[Site "Internet Chess Club"]
[Date "2020.10.25"]
[Round "4"]
[White "ulfbert"]
[Black "Tufnell"]
[Result "1-0"]
[WhiteElo "1970"]
[BlackElo "1875"]
[Opening "English opening"]
[ECO "A10"]
[Time "15:00:45"]
[TimeControl "2700+45"]

1. c4 g6 2. g3 Bg7 3. Bg2 Nf6 4. Nc3 c5 5. Nf3 O-O 6. O-O d5 7. cxd5 Nxd5 8.
Nxd5 Qxd5 9. d3 Nc6 10. Be3 Bd7 11. Nd4 Qe5 12. Nxc6 Bxc6 13. Bxc6 bxc6 14. Rc1
Qxb2 15. Rc2 Qb7 16. Rxc5 Rfc8 17. Qa4 Qb2 18. Rc2 Qb5 19. Qa3 e6 20. Rfc1 a5
21. Qe7 Rab8 22. Qd7 Bf8 23. Rxc6 Rxc6 24. Qxc6 Qxc6 25. Rxc6 h5 26. Ra6 Bb4 27.
Kg2 Rc8 28. Bd4 Kf8 29. Bf6 Ke8 30. Kf3 Rc7 31. Ra8+ Kd7 32. Rd8+ Kc6 33. a4 Be7
34. Bxe7 Rxe7 35. Ra8 Kb6 36. Ke3 Rc7 37. h4 Rc2 38. Rb8+ Ka6 39. Rf8 Rc7 40.
Kf4 Kb6 41. Kg5 Rc5+ 42. Kh6 Rf5 43. f4 {Black resigns} 1-0

[Event "Team 45 45 League T86"]
[Site "Internet Chess Club"]
[Date "2020.10.26"]
[Round "4"]
[White "room-matt"]
[Black "Ehab"]
[Result "1-0"]
[WhiteElo "1822"]
[BlackElo "1840"]
[Opening "Bishop's opening: Berlin defense"]
[ECO "C24"]
[Time "13:22:46"]
[TimeControl "2700+45"]

1. e4 e5 2. Bc4 Nf6 3. d3 Bc5 4. Nc3 O-O 5. f4 d6 6. f5 c6 7. Bb3 a5 8. a4 b5 9.
axb5 cxb5 10. Bg5 Bb7 11. Bxf6 gxf6 12. Nd5 Bxd5 13. Bxd5 Ra7 14. Qg4+ Kh8 15.
Ne2 Rg8 16. Qh3 Na6 17. c3 Nc7 18. Bxf7 Rg7 19. Ba2 d5 20. O-O-O b4 21. d4 exd4
22. cxd4 Bd6 23. Bb1 dxe4 24. Bxe4 Nb5 25. Rhf1 a4 26. Bd3 Rac7+ 27. Kd2 Nxd4
28. Nxd4 b3 29. Ne6 Bb4+ 30. Ke2 Qd5 31. Nxc7 Rxg2+ 32. Rf2 Qe5+ 33. Kf1 Rxf2+
34. Kxf2 Bc5+ 35. Kf3 Qxc7 36. Bc4 Bd6 37. Qh6 Qb7+ 38. Bd5 Qe7 39. Rg1 {Black
resigns} 1-0

[Event "Team 45 45 League T86"]
[Site "Internet Chess Club"]
[Date "2020.10.26"]
[Round "4"]
[White "Portola"]
[Black "Boxermam"]
[Result "1/2-1/2"]
[WhiteElo "1656"]
[BlackElo "1733"]
[Opening "Queen's pawn"]
[ECO "A40"]
[Time "14:00:25"]
[TimeControl "2700+45"]

1. d4 e6 2. Bf4 Nf6 3. e3 d5 4. c3 c5 5. Nd2 Nc6 6. Bd3 Bd6 7. Bg3 O-O 8. Ngf3
b6 9. Qe2 Bb7 10. O-O Bxg3 11. hxg3 Qc7 12. Rfe1 e5 13. dxe5 Nxe5 14. Nxe5 Qxe5
15. Nf3 Qh5 16. Nh4 Qxe2 17. Rxe2 g6 18. Nf3 Rfe8 19. Rae1 Ne4 20. Nh2 Rad8 21.
Nf1 Re7 22. f3 Nd6 23. Kf2 Rde8 24. g4 Bc6 25. Nh2 h6 26. Rh1 Kg7 27. Rhe1 Rh8
28. Nf1 Rhe8 29. Ng3 Bb7 30. Nf1 Bc6 31. Nd2 Bb7 32. b3 Bc6 33. a4 a5 34. g3 Rh8
35. Rh1 Rhe8 36. Rhe1 Bb7 {Game drawn by mutual agreement} 1/2-1/2

[Event "Team 45 45 League T86"]
[Site "Internet Chess Club"]
[Date "2020.10.24"]
[Round "4"]
[White "MacroPawn"]
[Black "Legal"]
[Result "1-0"]
[WhiteElo "1909"]
[BlackElo "1918"]
[Opening "English opening"]
[ECO "A20"]
[Time "11:02:11"]
[TimeControl "2700+45"]

1. c4 e5 2. g3 Nf6 3. Bg2 d5 4. cxd5 Nxd5 5. Nc3 Ne7 6. Nf3 Nbc6 7. O-O g6 8. d3
Bg7 9. Rb1 O-O 10. b4 a6 11. Bg5 h6 12. Bd2 Be6 13. a4 Qd7 14. Ne4 Qc8 15. Nc5
Bg4 16. b5 axb5 17. axb5 Nd8 18. Qc1 Kh7 19. Qc4 Bh3 20. Bxh3 Qxh3 21. Ne4 Qd7
22. Rfc1 Ne6 23. Bb4 Rfc8 24. Ra1 Ra3 25. Rxa3 {Black resigns} 1-0

[Event "Team 45 45 League T86"]
[Site "Internet Chess Club"]
[Date "2020.10.24"]
[Round "4"]
[White "The7thGuest"]
[Black "PolishRyszard"]
[Result "1/2-1/2"]
[WhiteElo "1836"]
[BlackElo "1813"]
[Opening "Pirc defense"]
[ECO "B07"]
[Time "07:01:38"]
[TimeControl "2700+45"]

1. d4 d6 2. e4 Nf6 3. Nc3 Nbd7 4. f4 e5 5. dxe5 dxe5 6. fxe5 Nxe5 7. Qxd8+ Kxd8
8. Bg5 c6 9. O-O-O+ Kc7 10. Bxf6 gxf6 11. h3 h5 12. Nf3 Be6 13. Nd4 Bh6+ 14. Kb1
Rad8 15. Nxe6+ fxe6 16. Be2 h4 17. Rxd8 Kxd8 18. Rd1+ Ke7 19. Bf1 Rg8 20. b3 Rg3
21. Na4 Re3 22. Nc5 b6 23. Nd3 Rxe4 24. Nxe5 Rxe5 25. Ba6 Rd5 26. Rxd5 cxd5 27.
c4 d4 28. Kc2 Kd6 29. Kd3 Be3 30. Bc8 a5 31. a3 f5 32. b4 axb4 33. axb4 Ke5 34.
c5 bxc5 35. bxc5 Bg5 36. c6 Bd8 37. Ba6 Bb6 38. Bc8 Kf6 39. c7 Bxc7 40. Kxd4
Bb6+ 41. Kd3 e5 42. Ke2 e4 43. Kf1 Ke5 44. Bd7 f4 45. Ke2 Bg1 46. Bc8 Bh2 47.
Bd7 Bg3 48. Bc8 Kd4 49. Bb7 Bh2 50. Bc6 Bg1 51. Bb7 Be3 52. Bc6 Ke5 53. Bb7 Bc1
54. Bc6 f3+ 55. gxf3 e3 56. Bd7 Kf4 57. Bg4 Bd2 58. Bc8 Kg3 59. Bg4 Kf4 60. Bc8
Kg3 61. Bg4 {Game drawn by mutual agreement} 1/2-1/2

[Event "Team 45 45 League T86"]
[Site "Internet Chess Club"]
[Date "2020.10.25"]
[Round "4"]
[White "cadmiumorange"]
[Black "fileman"]
[Result "0-1"]
[WhiteElo "1794"]
[BlackElo "1870"]
[Opening "Réti opening"]
[ECO "A04"]
[Time "08:05:22"]
[TimeControl "2700+45"]

1. Nf3 Nc6 2. g3 e5 3. d3 d5 4. Bg2 f5 5. c4 dxc4 6. Qa4 Qd5 7. dxc4 Qc5 8. a3
Bd7 9. b4 Qxc4 10. Qd1 e4 11. Nfd2 Qd4 12. Ra2 Be6 13. Bb2 Qd7 14. Ra1 Nf6 15.
O-O Bd6 16. Qc2 O-O 17. Nc4 Bxc4 18. Qxc4+ Kh8 19. Rd1 Qe7 20. Nc3 Ne5 21. Qb3
c6 22. b5 Rad8 23. a4 Bc5 24. Ba3 Rxd1+ 25. Nxd1 Bxa3 26. Qxa3 Qxa3 27. Rxa3 Rd8
28. Ne3 g6 29. bxc6 Nxc6 30. f3 exf3 31. Bxf3 Rd7 32. Bxc6 bxc6 33. Rd3 Rxd3 34.
exd3 Nd5 35. Kf2 Kg7 36. Nc4 Kf6 37. Na5 Nb4 38. Ke3 Ke5 39. d4+ Kd5 40. h3 Nc2+
41. Kf4 Nxd4 42. Kg5 Ne6+ 43. Kh6 g5 44. Nb3 f4 45. gxf4 gxf4 46. Nd2 c5 {White
resigns} 0-1

[Event "Team 45 45 League T86"]
[Site "Internet Chess Club"]
[Date "2020.10.26"]
[Round "4"]
[White "DeepPoo"]
[Black "cayo89"]
[Result "1-0"]
[WhiteElo "1712"]
[BlackElo "1543"]
[Opening "Pirc defense"]
[ECO "B07"]
[Time "18:03:58"]
[TimeControl "2700+45"]

1. e4 d6 2. d4 Nf6 3. Bd3 e5 4. dxe5 dxe5 5. h3 Be7 6. Nf3 Nbd7 7. c3 c6 8. Nbd2
Qc7 9. O-O h6 10. b4 O-O 11. Bb2 b6 12. a3 Bb7 13. c4 c5 14. b5 Rfe8 15. a4 a5
16. Qe2 Bf8 17. Rad1 Rad8 18. Nb1 g6 19. Nc3 Kg7 20. Nd5 Nxd5 21. exd5 Bd6 22.
Nh4 Be7 23. Qg4 Bxh4 24. Qxh4 Kh7 25. Bc1 Qd6 26. Bxh6 Kg8 27. f4 e4 28. Bxe4
Rxe4 29. Qxd8+ Kh7 30. Qh4 Kg8 31. Rde1 {Black resigns} 1-0

[Event "Team 45 45 League T86"]
[Site "Internet Chess Club"]
[Date "2020.10.22"]
[Round "4"]
[White "Ajolote"]
[Black "janh"]
[Result "1-0"]
[WhiteElo "2015"]
[BlackElo "1921"]
[Opening "Caro-Kann: advance variation"]
[ECO "B12"]
[Time "20:16:15"]
[TimeControl "2700+45"]

1. e4 c6 2. d4 d5 3. e5 c5 4. dxc5 e6 5. Nf3 Bxc5 6. a3 a5 7. Nc3 Ne7 8. Bd3 Nd7
9. Qe2 Ng6 10. Bd2 Qc7 11. Nb5 Qb8 12. O-O O-O 13. b4 axb4 14. axb4 Rxa1 15.
Rxa1 Be7 16. Re1 b6 17. h4 f6 18. Bxg6 hxg6 19. exf6 Nxf6 20. Ne5 Kh7 21. f3 Ng8
22. h5 gxh5 23. Qd3+ Rf5 24. g4 Bf6 25. Bf4 {Black resigns} 1-0

[Event "Team 45 45 League T86"]
[Site "Internet Chess Club"]
[Date "2020.10.23"]
[Round "4"]
[White "achessman"]
[Black "laurenpar"]
[Result "1-0"]
[WhiteElo "1918"]
[BlackElo "1806"]
[Opening "Réti opening"]
[ECO "A13"]
[Time "22:02:18"]
[TimeControl "2700+45"]

1. Nf3 e6 2. c4 f5 3. b3 Nf6 4. g3 Be7 5. Bg2 d6 6. d4 O-O 7. O-O Ne4 8. Nfd2
Nxd2 9. Qxd2 e5 10. dxe5 dxe5 11. Qxd8 Rxd8 12. e4 c6 13. Bb2 Bf6 14. Nc3 f4 15.
Rad1 Re8 16. Ne2 Bg5 17. Rd6 Na6 18. Rfd1 Bg4 19. f3 Bh5 20. gxf4 exf4 21. Rd7
Bh6 22. Rxb7 Nc5 23. Rc7 Nxe4 24. Nd4 g6 25. Nxc6 Bf8 26. Rdd7 Ng5 27. b4 Re2
28. Bf6 Nxf3+ 29. Bxf3 Bxf3 30. Rxh7 {Black resigns} 1-0

[Event "Team 45 45 League T86"]
[Site "Internet Chess Club"]
[Date "2020.10.23"]
[Round "4"]
[White "fishhead"]
[Black "primerpaso"]
[Result "0-1"]
[WhiteElo "1786"]
[BlackElo "1788"]
[Opening "Sicilian: Najdorf, 7...Be7 main line"]
[ECO "B99"]
[Time "14:10:54"]
[TimeControl "2700+45"]

1. e4 c5 2. Nf3 d6 3. d4 cxd4 4. Nxd4 Nf6 5. Nc3 a6 6. Bg5 e6 7. f4 Be7 8. Qf3
Qc7 9. O-O-O Nbd7 10. Bd3 Nc5 11. Rhe1 h6 12. Bh4 Nfxe4 13. Bxe7 Nxc3 14. Bxd6
Nxa2+ 15. Kb1 Nc3+ 16. bxc3 Qxd6 17. Bc4 Qb6+ 18. Nb3 O-O 19. Re5 Nd7 20. Re2 a5
21. Ka2 Qc7 22. Bb5 Nf6 23. Red2 Nd5 24. c4 Nxf4 25. g3 Ng6 26. Rd6 a4 27. Nc1
e5 28. Qd5 Be6 29. Rxe6 fxe6 30. Qxe6+ Qf7 31. Qb6 e4 32. Rd7 Qf2 33. Qe6+ Rf7
34. Qxe4 Nf8 35. Rd6 Qxh2 36. c5 Ra5 37. Bc4 Rxc5 38. Bxf7+ Kxf7 39. Qf4+ Kg8
40. Ka3 Qxc2 {White resigns} 0-1

[Event "Team 45 45 League T86"]
[Site "Internet Chess Club"]
[Date "2020.10.25"]
[Round "4"]
[White "ElValero"]
[Black "haofangzhu"]
[Result "1/2-1/2"]
[WhiteElo "1645"]
[BlackElo "1776"]
[Opening "QGD: 4.Nf3"]
[ECO "D37"]
[Time "14:00:12"]
[TimeControl "2700+45"]

1. Nf3 d5 2. d4 e6 3. c4 Nf6 4. Nc3 Be7 5. cxd5 exd5 6. Bg5 Nbd7 7. e3 h6 8. Bh4
O-O 9. Qc2 Re8 10. Bd3 c6 11. O-O Nb6 12. Ne5 Bd6 13. f4 c5 14. Nb5 c4 15. Bh7+
Kf8 16. Nxf7 Kxf7 17. Qg6+ Kf8 18. Bxf6 Qxf6 19. Qxf6+ gxf6 20. Nxd6 Rxe3 21.
Rae1 Re7 22. Bf5 Rxe1 23. Rxe1 Bxf5 24. Nxf5 Re8 25. Rxe8+ Kxe8 26. Ne3 Ke7 27.
g4 Ke6 28. Kf2 Na4 29. f5+ Kd6 30. Nd1 b5 31. Nc3 {Game drawn by mutual
agreement} 1/2-1/2

[Event "Team 45 45 League T86"]
[Site "Internet Chess Club"]
[Date "2020.10.25"]
[Round "4"]
[White "LuFran"]
[Black "MathBandit"]
[Result "1-0"]
[WhiteElo "1790"]
[BlackElo "1688"]
[Opening "Sicilian: closed"]
[ECO "B23"]
[Time "15:00:45"]
[TimeControl "2700+45"]

1. e4 c5 2. Nc3 a6 3. g3 b5 4. Bg2 Bb7 5. d3 e6 6. f4 d5 7. Qe2 Nc6 8. Nf3 Nf6
9. O-O Be7 10. e5 Nd7 11. Nd1 Qb6 12. b3 O-O 13. Bb2 a5 14. Kh1 a4 15. Nc3 a3
16. Bc1 b4 17. Na4 Qb5 18. Bd2 Rxa4 19. bxa4 Qxa4 20. Rac1 Na7 21. Qd1 Qa6 22.
Ne1 d4 23. Bxb7 Qxb7+ 24. Qf3 Qa6 25. Qe4 Nb5 26. Rb1 Nb6 27. f5 Nd5 28. f6 gxf6
29. exf6 Bxf6 30. Bh6 Nbc3 31. Qg4+ Kh8 32. Bxf8 Ne3 33. Qf3 Ncd5 34. Bxc5 Nxf1
35. Qxf1 Qc6 36. Bf8 Kg8 37. Bh6 Be7 38. Qf3 f5 39. g4 {Black resigns} 1-0

[Event "Team 45 45 League T86"]
[Site "Internet Chess Club"]
[Date "2020.10.24"]
[Round "4"]
[White "Redman1"]
[Black "julesraider"]
[Result "1/2-1/2"]
[WhiteElo "1565"]
[BlackElo "1608"]
[Opening "English opening"]
[ECO "A20"]
[Time "09:00:58"]
[TimeControl "2700+45"]

1. c4 e5 2. g3 Nc6 3. Bg2 f5 4. d3 Bb4+ 5. Bd2 Bxd2+ 6. Qxd2 Nf6 7. Nc3 O-O 8.
Rb1 d6 9. b4 Qe8 10. b5 Ne7 11. e3 f4 12. e4 fxg3 13. hxg3 Qg6 14. Nf3 Ng4 15.
Rb2 Bd7 16. Qg5 Qxg5 17. Nxg5 h6 18. Nh3 Rf7 19. O-O Raf8 20. a4 g5 21. Nd5 c6
22. Nxe7+ Rxe7 23. a5 Ref7 24. b6 a6 25. Rd2 c5 26. Rb2 Kg7 27. Rd2 Kg6 28. Re2
h5 29. f3 Nh6 30. Nf2 g4 31. fxg4 Nxg4 32. Nxg4 Rxf1+ 33. Bxf1 hxg4 34. Rf2 Rf3
35. Kg2 Rxf2+ 36. Kxf2 Ba4 37. Ke3 Bc6 38. Be2 Kg5 39. Bd1 Bd7 40. Bc2 Kf6 41.
Bb3 Bc6 42. Bd1 Bd7 43. Bc2 Bc6 44. Bd1 Kg5 45. Bb3 Kh5 46. Bd1 Bd7 47. Bc2
{Game drawn by mutual agreement} 1/2-1/2

[Event "Team 45 45 League T86"]
[Site "Internet Chess Club"]
[Date "2020.10.26"]
[Round "4"]
[White "olivermx"]
[Black "Chess4Him"]
[Result "0-1"]
[WhiteElo "1318"]
[BlackElo "1529"]
[Opening "Robatsch defense: Pseudo-Austrian attack"]
[ECO "B06"]
[Time "17:01:03"]
[TimeControl "2700+45"]

1. e4 g6 2. d4 Bg7 3. Nc3 d6 4. f4 a6 5. h3 b5 6. Nf3 Bb7 7. Bd3 Nd7 8. Be3 Nh6
9. Qd2 c5 10. b3 b4 11. Ne2 Qc7 12. c4 Ng8 13. Rc1 e6 14. d5 Ne7 15. Ng3 O-O 16.
O-O a5 17. Nh2 a4 18. f5 axb3 19. axb3 Ra3 20. Rb1 Rfa8 21. Qe1 Ne5 22. Qd1 Nd7
23. Bc1 Ra2 24. Ng4 exf5 25. exf5 Bd4+ 26. Kh1 Kh8 27. Ne2 Nxd5 28. cxd5 Bxd5
29. Bc4 Bxc4 30. bxc4 Qc6 31. Ne3 Re8 32. Nxd4 cxd4 33. Nd5 Qxc4 34. Qf3 Ne5 35.
Rxb4 Qc2 36. Qg3 Nd3 {White resigns} 0-1

[Event "Team 45 45 League T86"]
[Site "Internet Chess Club"]
[Date "2020.10.22"]
[Round "4"]
[White "BrerRabbit"]
[Black "MartyJR"]
[Result "0-1"]
[WhiteElo "1414"]
[BlackElo "1457"]
[Opening "Queen's pawn game, Darooha variation "]
[ECO "D02"]
[Time "14:02:27"]
[TimeControl "2700+45"]

1. d4 d5 2. Nf3 Nf6 3. g3 c6 4. Bg2 Bf5 5. c4 e6 6. Nc3 h6 7. Qb3 Qc8 8. Bf4
Nbd7 9. O-O Be7 10. Rac1 Nh5 11. cxd5 Nxf4 12. gxf4 Nf6 13. dxc6 bxc6 14. Ne5
Rb8 15. Qa4 O-O 16. Nxc6 Bd6 17. Nxb8 Qxb8 18. e3 Qxb2 19. Qxa7 Bd3 20. Rfd1 Ng4
21. f3 Qf2+ 22. Kh1 Nxe3 23. Rg1 Bxf4 24. Nd1 Qh4 25. h3 Nxg2 26. Qa3 Qxh3#
{White checkmated} 0-1

[Event "Team 45 45 League T86"]
[Site "Internet Chess Club"]
[Date "2020.10.29"]
[Round "4"]
[White "andrew37"]
[Black "ascoli"]
[Result "1-0"]
[WhiteElo "1728"]
[BlackElo "1667"]
[Opening "English: symmetrical, three knights system"]
[ECO "A30"]
[Time "14:00:14"]
[TimeControl "2700+45"]

1. Nf3 Nf6 2. c4 c5 3. Nc3 d5 4. cxd5 Nxd5 5. e4 Nc7 6. Bc4 Nc6 7. O-O e5 8. Qb3
f6 9. Bf7+ Ke7 10. Bd5 Nxd5 11. Nxd5+ Ke8 12. d3 Be7 13. Be3 b6 14. Nd2 Na5 15.
Qc2 Be6 16. Nc3 Kf7 17. f4 c4 18. dxc4 Nxc4 19. Nxc4 Bxc4 20. Rf3 exf4 21. Bxf4
Bc5+ 22. Kh1 Re8 23. e5 Kg8 24. exf6 Qxf6 25. Ne4 Qe7 26. Qxc4+ Kh8 27. Nxc5
bxc5 28. Bg3 Qe2 29. Qxe2 Rxe2 30. Raf1 h6 31. R3f2 Re3 32. Rf8+ Rxf8 33. Rxf8+
Kh7 34. Rf3 Re2 35. Rb3 c4 36. Rb7 a5 37. Kg1 a4 38. Kf1 Rc2 39. Be5 {Black
resigns} 1-0

[Event "Team 45 45 League T86"]
[Site "Internet Chess Club"]
[Date "2020.10.23"]
[Round "4"]
[White "Gojira"]
[Black "timothysmall56"]
[Result "1-0"]
[WhiteElo "1542"]
[BlackElo "1688"]
[Opening "Queen's pawn game"]
[ECO "A45"]
[Time "20:27:41"]
[TimeControl "2700+45"]

1. d4 Nf6 2. Nc3 e6 3. Bf4 c5 4. e3 d5 5. Nb5 Na6 6. dxc5 Bxc5 7. Nf3 O-O 8. c3
Nh5 9. Bg3 Nxg3 10. hxg3 Bd7 11. Bd3 Nc7 12. Nxc7 Qxc7 13. Bxh7+ Kh8 14. Ng5 g6
15. Bxg6+ Kg7 16. Rh7+ Kxg6 17. Qh5+ Kf6 18. Nxf7 e5 {Black resigns} 1-0